 Dungeon Crawl Stone Soup version 0.19-a0-1008-g4c63d25 (webtiles) character file.

42226 poirepourri the Eclecticist (level 13, -1/66 HPs)
             Began as a Deep Elf Conjurer on July 21, 2016.
             Was an Elder of Vehumet.
             Slain by a rime drake (2 damage)
             ... on level 6 of the Lair of Beasts on July 22, 2016.
             The game lasted 01:03:06 (29413 turns).

poirepourri the Eclecticist (Deep Elf Conjurer)    Turns: 29413, Time: 01:03:07

Health: -1/66      AC: 11    Str:  5    XL:     13   Next: 84%
Magic:  26/48      EV: 17    Int: 26    God:    Vehumet [****..]
Gold:   832        SH:  0    Dex: 15    Spells: 12 memorised, 11 levels left

rFire  . . .     SeeInvis .     k - +1 short sword (freeze)
rCold  + . .     Gourm    +     T - +1 robe {rC+}
rNeg   . . .     Faith    .     (no shield)
rPois  +         Spirit   .     H - +2 hat
rElec  .         Dismiss  .     F - +1 cloak
rCorr  .         Reflect  .     (no gloves)
SustAt .         Harm     .     R - +1 pair of boots
MR     +....                    g - amulet of the gourmand
Stlth  ++........               M - ring of magical power
                                O - ring of poison resistance

@: very slightly contaminated, invisible, somewhat resistant to hostile
enchantments, unstealthy
A: hooves 1, yellow scales 1
a: Renounce Religion


You were on level 6 of the Lair of Beasts.
You worshipped Vehumet.
Vehumet was greatly pleased with you.
You were not hungry.

You visited 3 branches of the dungeon, and saw 19 of its levels.

You collected 1198 gold pieces.
You spent 366 gold pieces at shops.

Inventory:

Hand Weapons
 k - a +1 short sword of freezing (weapon)
Armour
 F - a +1 cloak (worn)
 H - a +2 hat (worn)
 R - a +1 pair of boots (worn)
 T - a +1 robe of cold resistance (worn)
Jewellery
 g - an amulet of the gourmand (around neck)
 s - an uncursed ring of teleportation
 M - a ring of magical power (right hand)
 N - a +3 ring of strength
 O - a ring of poison resistance (left hand)
 W - an uncursed ring of ice
Wands
 e - a wand of enslavement (18/24)
 o - a wand of random effects (30/48)
 q - a wand of lightning (9/15)
 r - a wand of iceblast (5/15)
 v - a wand of flame (29/48)
 D - a wand of iceblast (6/15)
 G - a wand of lightning (11/15)
 J - a wand of slowing (23/48)
 L - a wand of paralysis (5/24)
 Q - a wand of random effects (20/48)
 S - a wand of acid (5/15)
 X - a wand of random effects (29/48)
 Z - a wand of disintegration (8/24)
Scrolls
 c - 4 scrolls of recharging
 y - 7 scrolls of remove curse
 B - 3 scrolls of amnesia
Potions
 f - 2 potions of brilliance
 h - a potion of flight
 i - a potion of agility
 C - 3 potions of cure mutation
 U - 2 potions of mutation
 V - a potion of haste
Books
 a - a book of Minor Magic

   Spells                             Type                      Level
   a - Magic Dart                     Conjuration                  1
   b - Blink                          Translocation                2
   c - Call Imp                       Summoning                    2
   d - Repel Missiles                 Charms/Air                   2
   e - Slow                           Hexes                        2
   f - Conjure Flame                  Conjuration/Fire             3
   g - Mephitic Cloud                 Conjuration/Poison/Air       3
 b - a book of Conjurations

   Spells                             Type                      Level
   a - Magic Dart                     Conjuration                  1
   b - Searing Ray                    Conjuration                  2
   c - Dazzling Spray                 Conjuration/Hexes            3
   d - Fulminant Prism                Conjuration/Hexes            4
   e - Iskenderun's Mystic Blast      Conjuration                  4
   f - Iskenderun's Battlesphere      Conjuration/Charms           5
 j - a book of Flames

   Spells                             Type                      Level
   a - Flame Tongue                   Conjuration/Fire             1
   b - Throw Flame                    Conjuration/Fire             2
   c - Conjure Flame                  Conjuration/Fire             3
   d - Inner Flame                    Hexes/Fire                   3
   e - Sticky Flame                   Conjuration/Fire             4
   f - Fireball                       Conjuration/Fire             5
 l - a book of Beasts

   Spells                             Type                      Level
   a - Summon Butterflies             Summoning                    1
   b - Call Canine Familiar           Summoning                    3
   c - Summon Ice Beast               Ice/Summoning                4
   d - Summon Mana Viper              Hexes/Summoning              5
   e - Summon Hydra                   Summoning                    7
 m - a book of Annihilations

   Spells                             Type                      Level
   a - Poison Arrow                   Conjuration/Poison           6
   b - Chain Lightning                Conjuration/Air              8
   c - Lehudib's Crystal Spear        Conjuration/Earth            8
   d - Glaciate                       Conjuration/Ice              9
   e - Fire Storm                     Conjuration/Fire             9
 n - a Grand Grimoire

   Spells                             Type                      Level
   a - Monstrous Menagerie            Summoning                    7
   b - Summon Greater Demon           Summoning                    7
   c - Malign Gateway                 Summoning/Translocation      7
   d - Summon Horrible Things         Summoning                    8
 u - a book of Geomancy

   Spells                             Type                      Level
   a - Sandblast                      Earth                        1
   b - Passwall                       Transmutation/Earth          2
   c - Stone Arrow                    Conjuration/Earth            3
   d - Petrify                        Transmutation/Earth          4
   e - Lee's Rapid Deconstruction     Earth                        5
 x - a book of Ice

   Spells                             Type                      Level
   a - Ice Form                       Ice/Transmutation            4
   b - Metabolic Englaciation         Hexes/Ice                    5
   c - Ozocubu's Refrigeration        Ice                          6
   d - Bolt of Cold                   Conjuration/Ice              6
   e - Freezing Cloud                 Conjuration/Ice/Air          6
   f - Simulacrum                     Ice/Necromancy               6
 A - Leklauwu's Disquisition on Transformation and Poisoning
   (You found it on level 11 of the Dungeon)

   Spells                             Type                      Level
   a - Mephitic Cloud                 Conjuration/Poison/Air       3
   b - Ignite Poison                  Fire/Transmutation/Poison    3
   c - Ice Form                       Ice/Transmutation            4
   d - Petrify                        Transmutation/Earth          4
   e - Poisonous Cloud                Conjuration/Poison/Air       6
 I - a book of Necromancy

   Spells                             Type                      Level
   a - Pain                           Necromancy                   1
   b - Animate Skeleton               Necromancy                   1
   c - Vampiric Draining              Necromancy                   3
   d - Regeneration                   Charms/Necromancy            3
   e - Animate Dead                   Necromancy                   4
   f - Control Undead                 Necromancy                   4
 Y - a book of Dreams

   Spells                             Type                      Level
   a - Ensorcelled Hibernation        Hexes/Ice                    2
   b - Silence                        Hexes/Air                    5
   c - Darkness                       Hexes                        6
   d - Shadow Creatures               Summoning                    6
Miscellaneous
 K - a box of beasts
Comestibles
 t - 30 fruits


   Skills:
 - Level 1.9 Fighting
 + Level 0.6 Short Blades
 + Level 7.1 Dodging
 - Level 2.4 Stealth
 + Level 20.5 Spellcasting
 + Level 14.5 Conjurations
 + Level 3.5 Hexes
 + Level 3.9 Charms
 + Level 0.7 Translocations
 + Level 8.4 Fire Magic
 + Level 0.2 Evocations


You had 11 spell levels left.
You knew the following spells:

 Your Spells              Type           Power        Failure   Level  Hunger
a - Magic Dart            Conj           ####         0%          1    None
b - Searing Ray           Conj           ######       0%          2    None
c - Dazzling Spray        Conj/Hex       ######       1%          3    None
d - Fulminant Prism       Conj/Hex       ######....   1%          4    None
e - Iskenderun's Mystic   Conj           #######.     1%          4    None
f - Iskenderun's Battles  Conj/Chrm      ######..     1%          5    None
g - Throw Flame           Conj/Fire      ######       1%          2    None
h - Fireball              Conj/Fire      ######....   1%          5    None
i - Sting                 Conj/Pois      ####         1%          1    None
j - Fire Storm            Conj/Fire      ######....   99%         9    #######
k - Force Lance           Conj/Tloc      ######..     1%          4    None
l - Blink                 Tloc           N/A          1%          2    None


Dungeon Overview and Level Annotations

Branches:
Dungeon (12/15)            Temple (1/1) D:5            Lair (6/6) D:11
  Swamp (0/4) Lair:3        Snake (0/4) Lair:4          Orc (0/2) D:9
  Slime: Lair:5-6

Altars:
Ashenzari
Cheibriados
Dithmenos
Elyvilon
Fedhas
Gozag
Hepliaklqana
Kikubaaqudgha
Makhleb
Nemelex Xobeh
Okawaru
Pakellas
Qazlal
Ru
Sif Muna
Trog
Uskayaw
Vehumet
Xom
Yredelemnul
Zin
The Shining One
Beogh

Shops:
D:5 ?   D:10 ?   D:12 }

Annotations:
Lair:6 mistymad's ghost, journeyman FoAK


Innate Abilities, Weirdness & Mutations

You have large cloven feet.
You are partially covered in yellow scales. (AC +2)


Message History

Casting: Blink
Confirm with . or Enter, or press ? or * to list all spells.
You blink.
A rime drake comes into view.
The rime drake hisses angrily.
A sheep comes into view.
The sheep bleats! x2 2 sheep come into view.
Casting: Blink
Confirm with . or Enter, or press ? or * to list all spells.
You don't know that spell.
Unknown command.
Okay, then.
You fade into invisibility!
The yak barely misses you. The sheep bites you but does no damage.
The rime drake bites you but does no damage.
The ice encasing you melts away. The rime drake completely misses you.
The sheep misses you. The rime drake barely misses you.
The rime drake bites you.
You die...

###.....P.
#....#########.PP......
..........#...PP.....[.
Y#......................
........................
...............YYY......
............HYYDYkY.....
.....Y.......Y.kY.......
#.........†YY@.......
#.###.#.Y..#....P.....
#####P#..........#
####..........
#.......### .#.......#
#........#.#
........#.##


You could see 2 death yaks, a four-headed hydra, 5 yaks, a hippogriff, 2 rime
drakes and 5 sheep.

Vanquished Creatures
  Fannar (Lair:3)
  6 hydras
  Harold (Lair:3)
  6 hill giants
  The ghost of p0werm0de the Fighter, a novice OpCK of Xom (D:5)
  A griffon (Lair:6)
  A cyclops (D:12)
  An ugly thing (D:11)
  16 elephants
  3 black mambas
  A torpor snail (Lair:4)
  A centaur skeleton (D:12)
  A gargoyle (D:12)
  4 spiny frogs
  4 komodo dragons
  3 rime drakes
  2 polar bears
  2 trolls
  A slime creature (Lair:5)
  2 two-headed ogres
  Sigmund (D:3)
  A shadow (D:11)
  39 yaks
  4 basilisks
  A wyvern (D:12)
  7 hippogriffs
  Menkaure (D:4)
  2 hungry ghosts
  3 swamp worms (Lair:3)
  15 water moccasins
  12 porcupines
  A sky beast (D:9)
  10 orc warriors
  5 ice beasts
  5 phantoms
  A wasp (D:12)
  An eye of draining (D:10)
  4 centaurs
  11 ogres
  2 necrophages (D:7)
  5 wolves (Lair:3)
  7 crocodiles
  16 giant frogs
  3 big kobolds
  A wyvern skeleton (D:11)
  A scorpion (D:4)
  9 killer bees
  4 wights (D:7)
  3 howler monkeys (D:11)
  5 electric eels
  8 crimson imps
  A wasp zombie (D:11)
  2 giant frog zombies
  5 orc priests
  3 centaur zombies
  8 hounds
  8 jellies
  3 giant frog skeletons
  15 orc wizards
  Jessica (D:3)
  8 iguanas
  9 worker ants
  5 sheep
  A hound skeleton (D:5)
  3 mummies (D:7)
  A worker ant zombie (D:7)
  Robin (D:3)
  14 adders
  34 river rats
  2 shadow imps
  2 oozes
  3 worms
  3 dart slugs
  5 giant geckos
  56 orcs
  5 bats
  2 giant cockroaches
  15 goblins
  12 hobgoblins
  8 jackals
  9 quokkas
  3 ball pythons
  4 giant newts
  2 jackal skeletons
  19 kobolds
  2 quokka skeletons
  A quokka zombie (D:7)
  5 rats
  3 fungi
  A plant (Lair:5)
530 creatures vanquished.

Vanquished Creatures (others)
  A wizard (D:12)
  A bush (Lair:4)
  2 fulminant prisms (D:5)
  20 fungi
  9 plants
33 creatures vanquished.

Grand Total: 563 creatures vanquished

Notes
Turn   | Place    | Note
-------+----------+-------------------------------------------
     0 | D:1      | poirepourri the Deep Elf Conjurer began the quest for the Orb.
     0 | D:1      | Reached XP level 1. HP: 10/10 MP: 6/6
   124 | D:1      | Reached XP level 2. HP: 15/15 MP: 2/8
   315 | D:1      | Reached skill level 5 in Conjurations
   740 | D:1      | Learned a level 2 spell: Searing Ray
  1052 | D:2      | Reached XP level 3. HP: 19/19 MP: 6/9
  1438 | D:2      | Found a faded altar of an unknown god.
  2017 | D:2      | Reached XP level 4. HP: 19/24 MP: 4/11
  2174 | D:3      | Noticed Sigmund
  2184 | D:3      | Killed Sigmund
  2184 | D:3      | Reached skill level 5 in Spellcasting
  2184 | D:3      | Reached XP level 5. HP: 25/28 MP: 3/15
  2284 | D:3      | Noticed Jessica
  2291 | D:3      | Killed Jessica
  2396 | D:3      | Noticed Robin
  2488 | D:3      | Killed Robin
  2488 | D:3      | Reached skill level 6 in Spellcasting
  2488 | D:3      | Reached XP level 6. HP: 24/32 MP: 11/17
  2658 | D:3      | Found an opulent altar of Gozag.
  3294 | D:4      | Noticed Menkaure
  3304 | D:4      | Killed Menkaure
  3304 | D:4      | Reached skill level 7 in Spellcasting
  3304 | D:4      | Reached XP level 7. HP: 9/36 MP: 4/19
  3695 | D:4      | Learned a level 3 spell: Dazzling Spray
  3700 | D:4      | Learned a level 4 spell: Fulminant Prism
  3705 | D:4      | Learned a level 4 spell: Iskenderun's Mystic Blast
  3711 | D:4      | Learned a level 5 spell: Iskenderun's Battlesphere
  4095 | D:5      | Entered Level 5 of the Dungeon
  4132 | D:5      | Noticed p0werm0de's ghost (novice OpCK)
  4337 | D:5      | Found a deep blue altar of Sif Muna.
  4352 | D:5      | Reached skill level 8 in Spellcasting
  4873 | D:5      | Reached skill level 9 in Spellcasting
  4928 | D:5      | Killed p0werm0de's ghost
  4928 | D:5      | Reached skill level 10 in Spellcasting
  4928 | D:5      | Reached XP level 8. HP: 35/42 MP: 7/24
  5198 | D:5      | Reached skill level 11 in Spellcasting
  5382 | D:5      | Found Kyga's Magic Scroll Boutique.
  5415 | D:5      | Found a staircase to the Ecumenical Temple.
  5465 | D:5      | Bought a scroll of identify for 22 gold pieces
  5465 | D:5      | Bought a scroll of identify for 22 gold pieces
  5798 | D:5      | Gained mutation: You have large cloven feet. [potion of beneficial mutation]
  6162 | D:5      | Reached skill level 1 in Fighting
  6558 | D:6      | Found a deep blue altar of Sif Muna.
  6829 | D:6      | Reached skill level 12 in Spellcasting
  6829 | D:6      | Reached XP level 9. HP: 35/47 MP: 19/27
  6915 | D:6      | Found a stormy altar of Qazlal.
  7222 | D:7      | Gained mutation: You are partially covered in yellow scales. (AC +2) [potion of beneficial mutation]
  7521 | D:7      | Reached skill level 13 in Spellcasting
  8509 | D:7      | Reached skill level 14 in Spellcasting
  8509 | D:7      | Reached skill level 10 in Conjurations
  8906 | D:7      | Found a sacrificial altar of Ru.
  9467 | Temple   | Entered the Ecumenical Temple
 10004 | D:8      | Reached XP level 10. HP: 15/52 MP: 18/30
 10869 | D:8      | Learned a level 2 spell: Throw Flame
 10875 | D:8      | Learned a level 5 spell: Fireball
 10965 | D:9      | Found a radiant altar of Vehumet.
 11588 | D:9      | Found a staircase to the Orcish Mines.
 11624 | D:9      | Reached skill level 15 in Spellcasting
 11811 | D:9      | Reached skill level 1 in Fire Magic
 11922 | D:9      | Found an iron altar of Okawaru.
 12114 | D:9      | Found a hazy altar of Hepliaklqana.
 12115 | D:9      | Found a shimmering altar of Xom.
 12115 | D:9      | Noticed a hill giant
 12139 | D:9      | Killed a hill giant
 12336 | D:9      | Found a basalt altar of Yredelemnul.
 12505 | D:9      | Became a worshipper of Vehumet
 12743 | D:10     | Entered Level 10 of the Dungeon
 12743 | D:10     | Found Maresyda's Magic Scroll Boutique.
 12748 | D:10     | Bought a scroll of identify for 26 gold pieces
 12748 | D:10     | Bought a scroll of identify for 26 gold pieces
 12954 | D:10     | Reached skill level 16 in Spellcasting
 13510 | D:10     | Reached * piety under Vehumet
 13510 | D:10     | Offered knowledge of Sting by Vehumet.
 13513 | D:10     | Learned a level 1 spell: Sting
 13555 | D:10     | Found a roughly hewn altar of Beogh.
 13621 | D:10     | Noticed a gargoyle
 14132 | D:10     | Noticed a hill giant
 14137 | D:10     | Killed a hill giant
 14137 | D:10     | Reached XP level 11. HP: 19/56 MP: 23/33
 14759 | D:10     | Found a shimmering altar of Xom.
 14923 | D:10     | Noticed a hill giant
 14931 | D:10     | Killed a hill giant
 15376 | D:11     | HP: 2/56 [ogre/giant club (17)]
 15608 | D:11     | Reached skill level 17 in Spellcasting
 15612 | D:11     | Found a staircase to the Lair.
 15684 | D:11     | Found a glowing golden altar of the Shining One.
 15684 | D:11     | Noticed a white ugly thing
 15694 | D:11     | Killed a white ugly thing
 15755 | D:11     | Noticed a hill giant
 15768 | D:11     | Killed a hill giant
 15768 | D:11     | Reached skill level 1 in Hexes
 15901 | D:11     | Identified Leklauwu's Disquisition on Transformation and Poisoning
 16426 | D:11     | You fall through a shaft!
 16426 | D:12     | Noticed a hill giant
 16440 | D:12     | Killed a hill giant
 16472 | D:12     | Offered knowledge of Freeze by Vehumet.
 16704 | D:12     | Noticed a hill giant
 16726 | D:12     | Reached ** piety under Vehumet
 17113 | D:12     | Killed a hill giant
 17113 | D:12     | Reached skill level 18 in Spellcasting
 17171 | D:12     | Noticed a four-headed hydra
 17179 | D:12     | Killed a four-headed hydra
 17404 | D:12     | Reached skill level 1 in Charms
 17627 | D:12     | Found a bloodstained altar of Trog.
 17628 | D:12     | Noticed a wizard
 17633 | D:12     | Killed a wizard
 17721 | D:12     | Found Kemp's Gadget Emporium.
 17732 | D:12     | Bought a wand of acid (5/15) for 270 gold pieces
 17952 | D:12     | Reached skill level 5 in Dodging
 18180 | D:12     | Reached XP level 12. HP: 62/62 MP: 36/36
 18275 | Lair:1   | Entered Level 1 of the Lair of Beasts
 19645 | Lair:2   | Learned a level 9 spell: Fire Storm
 19925 | Lair:2   | Noticed a seven-headed hydra
 20033 | Lair:2   | Killed a seven-headed hydra
 20033 | Lair:2   | Offered knowledge of Static Discharge by Vehumet.
 20199 | Lair:2   | Noticed a four-headed hydra
 20207 | Lair:2   | Killed a four-headed hydra
 20342 | Lair:2   | HP: 1/62 [komodo dragon (23)]
 20349 | Lair:2   | Reached skill level 19 in Spellcasting
 20349 | Lair:2   | Reached skill level 5 in Fire Magic
 20714 | Lair:2   | Noticed a five-headed hydra
 20719 | Lair:2   | Killed a five-headed hydra
 21506 | Lair:3   | Reached *** piety under Vehumet
 21521 | Lair:3   | Noticed Fannar
 21528 | Lair:3   | Killed Fannar
 21918 | Lair:3   | Noticed Harold
 21929 | Lair:3   | Killed Harold
 22301 | Lair:3   | Offered knowledge of Force Lance by Vehumet.
 22314 | Lair:3   | Learned a level 4 spell: Force Lance
 22873 | Lair:3   | Reached XP level 13. HP: 59/66 MP: 31/38
 22999 | Lair:3   | Found a staircase to the Swamp.
 23235 | Lair:4   | Found a staircase to the Snake Pit.
 23258 | Lair:4   | Reached **** piety under Vehumet
 23860 | Lair:4   | Offered knowledge of Olgreb's Toxic Radiance by Vehumet.
 26062 | Lair:5   | Reached skill level 20 in Spellcasting
 28002 | Lair:6   | Entered Level 6 of the Lair of Beasts
 28010 | Lair:6   | Reached ***** piety under Vehumet
 28023 | Lair:5   | HP: 3/66 [spiny frog (6)]
 28389 | Lair:6   | Offered knowledge of Orb of Destruction by Vehumet.
 28752 | Lair:6   | Noticed mistymad's ghost (journeyman FoAK)
 29129 | Lair:5   | Upgraded the game from 0.19-a0-1007-g133f65f to 0.19-a0-1008-g4c63d25
 29405 | Lair:6   | Learned a level 2 spell: Blink
 29409 | Lair:6   | HP: 1/66 [rime drake/flash freeze (11)]
 29413 | Lair:6   | Slain by a rime drake

Vault maps used:
D:1:      minmay_arrival_up_and_down, minmay_bisected
D:2:      ecumenical_altar_1, minivault_19
D:3:      grunt_gozag_statues, uniq_robin, uniq_sigmund, uniq_jessica
D:4:      first_bread, uniq_menkaure
D:5:      led_sif_book, serial_shops, nicolae_shop_window_shopping
D:6:      grunt_qazlal_clouds, basic_altar
D:7:      serial_undead, serial_undead_a, serial_undead_a, serial_undead_e,
          serial_undead_e, serial_undead_c, serial_undead_d,
          nicolae_ru_awakened_eye
D:9:      vehumet_crystals, grunt_temple_overflow_open, kennysheep_mini,
          erik_orc_2
D:10:     basic_altar, special_room, serial_shops, shop, blue_anna_alchemist
D:11:     dpeg_lair_monsters, basic_altar, minmay_misc_feat_hallway, tso_altar,
          uniq_erica
D:12:     serial_shops, nicolae_shop_waterfront, trog_wizard
Temple:   eino_temple_lava
Lair:1:   lemuel_fruit_tree
Lair:2:   statuecave_lemuel, minivault_24, beast_lair_carwin_3,
          infiniplex_staircase_pool
Lair:3:   nicolae_swamp_entry_splash_gauntlet, lemuel_old_faithful,
          serial_bayou_shore_b, uniq_fannar, uniq_harold
Lair:4:   minmay_snake_entry_six_corridors
Lair:5:   serial_bayou_shore_a, grunt_megastairs_2
Lair:6:   evil_forest, minmay_slime_entry_pillars, minmay_lair_drake_nest

Skill      XL: |  1  2  3  4  5  6  7  8  9 10 11 12 13 |
---------------+----------------------------------------+-----
Conjurations   | 5 6 7 8 9 10 11 12 13 14 | 14.5
Spellcasting   | 5 6 7 10 12 14 16 18 19 20 | 20.5
Fighting       | 1 |  1.9
Dodging        | 3 5 7 |  7.1
Fire Magic     | 2 4 6 8 |  8.4
Hexes          | 2 3 |  3.5
Charms         | 1 3 |  3.9
Short Blades   | |  0.6
Stealth        | |  2.4
Translocations | |  0.7
Evocations     | |  0.2

Action                   |  1- 3 |  4- 6 |  7- 9 | 10-12 | 13-15 || total
-------------------------+-------+-------+-------+-------+-------++-------
Melee: Short sword       |       |     1 |       |    11 |     6 ||    18
 Cast: Magic Dart        |    74 |    64 |   296 |   347 |    80 ||   861
       Searing Ray       |     2 |     8 |    50 |    38 |     7 ||   105
       Fulminant Prism   |       |       |     2 |       |       ||     2
       Dazzling Spray    |       |       |     1 |    43 |    14 ||    58
       Throw Flame       |       |       |       |   259 |   196 ||   455
       Iskenderun's Batt |       |       |       |    24 |    13 ||    37
       Fireball          |       |       |       |    57 |    81 ||   138
       Force Lance       |       |       |       |     5 |     9 ||    14
       Sting             |       |       |       |       |     4 ||     4
       Blink             |       |       |       |       |     2 ||     2
Evoke: Wand              |       |       |     1 |       |       ||     1
  Use: Scroll            |     5 |     6 |    11 |    21 |    16 ||    59
       Potion            |       |       |    10 |    11 |     7 ||    28
  Eat: Chunk             |     4 |       |       |       |       ||     4
       Bread ration      |     1 |       |     2 |     3 |       ||     6
       Pizza             |     1 |       |       |     2 |       ||     3
       Beef jerky        |       |       |     2 |     2 |     1 ||     5
       Fruit             |       |       |     3 |     8 |     5 ||    16
       Meat ration       |       |       |     1 |     3 |     2 ||     6
       Royal jelly       |       |       |       |     2 |     1 ||     3
Armor: Robe              |     2 |     1 |    30 |    57 |    26 ||   116
Dodge: Dodged            |    10 |    11 |    94 |   171 |   121 ||   407
